 Dungeon Crawl Stone Soup version 0.31-a0-435-g2c6fae2916 (webtiles) character file.

Game seed: 5352031097950930907

481 horus123 the Changeling (level 6, 0/66 (72) HPs)
             Began as a Demigod Shapeshifter on July 31, 2023.
             Succumbed to a kobold's poison
             ... on level 4 of the Dungeon on Aug 2, 2023.
             The game lasted 00:09:03 (4161 turns).

horus123 the Changeling (Demigod Shapeshifter)      Turns: 4161, Time: 00:09:03

HP:   0/66 (72)     AC: 27    Str: 24    XL:     6   Next: 56%
MP:   8/8           EV:  2    Int: 10    God:
Gold: 308           SH:  0    Dex: 20    Spells: 5/5 levels left

rFire   . .          .
                       - Unarmed
rCold   . . .        (no shield)
rNeg    . . .        a - melded +0 animal skin
rPois   +            (helmet currently unavailable)
rElec   .            (cloak currently unavailable)
rCorr   .            (gloves currently unavailable)
SInv    .            (boots currently unavailable)
Will    .....        (no amulet)
Stlth   ++           g - +4 ring of protection
HPRegen 0.31/turn    q - +6 ring of dexterity
MPRegen 0.11/turn

%: no passive effects
@: lethally poisoned (0 -> -8), tree-form, drained
A: stationary, stasis, torment immunity, boosted hp, high MP 1, forlorn, divine
attributes
a: no special abilities


You were on level 4 of the Dungeon.
You were a tree.
You visited 1 branch of the dungeon, and saw 4 of its levels.

You collected 308 gold pieces.

Inventory:

Hand Weapons
 r - a +0 long sword
Missiles
 f - a throwing net
Armour
 a - a +0 animal skin (melded)
 w - a +0 pair of gloves
Jewellery
 g - a +4 ring of protection (left branch)
 i - a ring of magical power
 n - a ring of see invisible
 q - a +6 ring of dexterity (right branch)
Talismans
 c - a beast talisman
Wands
 s - a wand of roots (15)
Scrolls
 d - a scroll of teleportation
 l - a scroll of amnesia
 p - 2 scrolls of fear
 u - a scroll of enchant armour
 v - a scroll of acquirement {unknown}
Potions
 h - a potion of resistance {unknown}
 j - 2 potions of degeneration {unknown}
 k - 2 potions of magic {unknown}
 o - 2 potions of curing {unknown}
 t - 2 potions of heal wounds {unknown}


   Skills:
 - Level 2.3 Fighting
 - Level 1.7 Dodging
 - Level 3.1 Unarmed Combat
 + Level 5.6 Shapeshifting


You had 5 spell levels left.
You didn't know any spells.
Your spell library contained the following spells:

 Spells                   Type           Power      Damage    Failure   Level
 Blink                    Tloc           0%         N/A       50%         2
 Lesser Beckoning         Tloc           0%         N/A       50%         2
 Momentum Strike          Conj/Tloc      0%         3d8       50%         2
 Animate Armour           Summ/Erth      0%         N/A       98%         4
 Summon Lightning Spire   Summ/Air       0%         N/A       98%         4
 Lee's Rapid Deconstruct  Erth           0%         3d4*      100%        5


Dungeon Overview and Level Annotations

Branches:
Dungeon (4/15)             Temple (0/1) D:4

Shops:
D:2 [(([*

Annotations:
D:4 hgbash's ghost, amateur SpSh


Innate Abilities, Weirdness & Mutations

You are a tree.
Your roots penetrate the ground, keeping you stationary.
You cannot be teleported.
You are immune to unholy pain and torment.
Your maximum health is greatly increased.
Your equipment is partially melded.
You have an increased reservoir of magic. (+10% MP)
You shall have no god before yourself.
Your divine heritage dramatically boosts your attributes as you level up.


Message History

You feel drained. Hgbash's ghost barely misses you.
The kobold closely misses you. The kobold hits you but does no damage.
The kobold closely misses you.
You closely miss the kobold brigand.
The kobold brigand is almost dead.
The kobold brigand hits you with a +1 rapier of draining.
You feel drained. Hgbash's ghost closely misses you.
The kobold barely misses you. The kobold closely misses you.
The kobold hits you but does no damage.
You miss the kobold brigand.
The kobold brigand is almost dead.
The kobold brigand barely misses you. Hgbash's ghost hits you.
The kobold hits you with a +2 dagger of distortion.
The kobold hits you but does no damage.
The kobold hits you with a +0 short sword.
* * * LOW HITPOINT WARNING * * *
The kobold hits you but does no damage.
You barely miss the kobold brigand.
The kobold brigand is almost dead.
The kobold brigand hits you with a +1 rapier of draining.
* * * LOW HITPOINT WARNING * * *
You feel drained.
* * * LOW HITPOINT WARNING * * *
Hgbash's ghost hits you but does no damage.
The kobold hits you with a +2 dagger of distortion.
* * * LOW HITPOINT WARNING * * *
You blink.
The kobold throws a stone.
The stone closely misses you.
The kobold throws a stone.
The stone closely misses you.
Really quaff the potion of lignification?
Your transformation has ended.
You turn into a tree.
Your +0 animal skin melds into your body.
Your roots penetrate the ground.
The kobold throws a poisoned dart.
The poisoned dart hits you!
You are lethally poisoned!
* * * LOW HITPOINT WARNING * * *
You feel very sick.
You hit the kobold.
You kill the kobold!
You die...

..............................###
.........................<.....##
####.........................#...
##......)..................#..
#.K.##.)...................##.
##..###.....................##.
##)..# ##....K..............###.
#...## ##..KW).............###.
##..## ##.KK.♣....##.......#..
#..## ##...K.....###.........#
#### ##.(.......####.......... ##
##..........##............ .####
#...........#............. ..#.##
#.........................
.....########....................
......#.#####....................
.........#.##................>...


You could see a kobold brigand, hgbash's ghost and 4 kobolds.

Vanquished Creatures
  A black bear (D:4)
  A scorpion (D:3)
  3 hounds
  A jelly (D:3)
  Natasha (thrice) (D:3)
  An iguana (D:4)
  3 adders
  2 worms (D:3)
  3 dart slugs
  4 orcs (D:4)
  7 ball pythons
  7 endoplasms
  6 giant cockroaches
  7 goblins
  4 hobgoblins
  9 kobolds
  4 quokkas
  7 bats
  4 frilled lizards
  2 rats
79 creatures vanquished.

Vanquished Creatures (others)
  A wizard (D:3)
1 creature vanquished.

Grand Total: 80 creatures vanquished

Notes
Turn   | Place    | Note
-------+----------+-------------------------------------------
     0 | D:1      | horus123 the Demigod Shapeshifter began the quest for the
                  | Orb.
     0 | D:1      | Reached XP level 1. HP: 15/15 MP: 3/3
   173 | D:1      | Reached skill level 3 in Shapeshifting
   361 | D:1      | Reached XP level 2. HP: 21/22 MP: 4/4
   874 | D:2      | Found Mowo's Antique Weapon Shoppe.
  1013 | D:2      | Found Heocsint's Weapon Emporium.
  1083 | D:2      | Found Ygitse's Antique Armour Boutique.
  1221 | D:2      | Reached XP level 3. HP: 27/27 MP: 5/5
  1486 | D:2      | Found Foeguh's Antique Armour Shop.
  1614 | D:2      | Found Gionkoerr's General Store.
  1816 | D:3      | Noticed Natasha
  1832 | D:3      | Killed Natasha
  1833 | D:3      | Reached skill level 4 in Shapeshifting
  1833 | D:3      | Reached XP level 4. HP: 4/34 MP: 6/6
  1973 | D:3      | Upgraded the game from 0.31-a0-426-g3a05650e59 to
                  | 0.31-a0-435-g2c6fae2916
  2069 | D:3      | Noticed Natasha
  2078 | D:3      | Killed Natasha
  2079 | D:3      | Reached XP level 5. HP: 35/39 MP: 7/7
  2162 | D:3      | Noticed Natasha
  2178 | D:3      | Killed Natasha
  2179 | D:3      | Reached skill level 5 in Shapeshifting
  2271 | D:3      | Found a transporter.
  2275 | D:3      | Found a transporter.
  2318 | D:3      | Reached skill level 1 in Fighting
  2492 | D:3      | Noticed a wizard
  2495 | D:3      | Killed a wizard
  2829 | D:4      | Found a staircase to the Ecumenical Temple.
  2900 | D:4      | Reached XP level 6. HP: 44/48 MP: 8/8
  3234 | D:4      | Found a runed translucent gate.
  3234 | D:4      | Found a runed translucent gate.
  3234 | D:4      | Found a runed translucent gate.
  3235 | D:4      | Noticed hgbash's ghost (amateur SpSh)
  4140 | D:4      | Paralysed by a kobold for 4 turns
  4156 | D:4      | HP: 2/44 [kobold/+2 dagger of distortion (3)]
  4161 | D:4      | Succumbed to a kobold's poison

Illustrated notes

Levels and vault maps discovered:
D:1:      minmay_arrival_split_and_join, layout_loops_ring
D:2:      layout_loops_corners, basic_altar, serial_shops, shop, shop,
          nicolae_shop_just_a_little_nook, shop, nicolae_shop_trees
D:3:      layout_basic, amcnicky_altar_gilded, gammafunk_temple_overflow_arena,
          trog_wizard, general_overflow_altar, uniq_natasha
D:4:      layout_layer_cave, minmay_temple_entry_wispy,
          gammafunk_ghost_nasty_kobolds, grunt_ministairs_3,
          nicolae_figureground_pulse

Skill      XL: |  1  2  3  4  5 |
---------------+----------------+-----
Shapeshifting  | 3 4 5 |  5.6
Fighting       | 2 |  2.3
Unarmed Combat | 3 |  3.1
Dodging        | |  1.7

Action                     |  1- 3 |  4- 6 || total
---------------------------+-------+-------++-------
  Melee: Unarmed           |   127 |   153 ||   280
         Punch             |     1 |     5 ||     6
    Use: Scroll            |       |     5 ||     5
         Potion            |       |     1 ||     1
   Stab: Sleeping          |     2 |     3 ||     5
 Armour: Animal skin       |    51 |    51 ||   102
  Dodge: Dodged            |    81 |    93 ||   174

Table legend: (Time is in decaauts)
 A = Elapsed time spent in this place.
 B = Non-inter-level travel time spent in this place.
 C = Inter-level travel time spent in this place.
 D = Time resting spent in this place.
 E = Time spent auto-exploring this place.
 F = Levels seen in this place.
 G = Mean time per level.
                   A        B        C        D        E       F      G
               +--------+--------+--------+--------+--------+-----+--------+
         Total |   4144 |   4111 |     33 |    217 |   3082 |   4 | 1036.0 |
       Dungeon |   4144 |   4111 |     33 |    217 |   3082 |   4 | 1036.0 |
               +--------+--------+--------+--------+--------+-----+--------+

Top non-repeatable levels by time:
     D:4: 1333 daAuts
     D:3: 1175 daAuts
     D:2: 876 daAuts
     D:1: 759 daAuts
